[Event "Titled Tuesday Blitz August 15 Early 2023"]
[White "Putnam, Liam"]
[Black "Pert, Richard G"]
[WhiteFideId "30938279"]
[BlackFideId "404748"]
[WhiteElo "2816"]
[BlackElo "2621"]
[Result "0-1"]
[Round "7"]
[TimeControl "180+1"]
[Date "2023.08.15"]
[WhiteClock "0:01:08"]
[BlackClock "0:00:56"]
[Board "42"]

1. h3 e5 2. a4 d5 3. g4 h5 4. gxh5 Nf6 5. e3 Rxh5 6. d4 e4 7. c4 c6 8. Nc3 Bd6 9. Bd2 a6 10. Nge2 Nbd7 11. Ng3 Rh7 12. cxd5 cxd5 13. Qb3 Nf8 14. Nxd5 Bxg3 15. Nxf6+ Qxf6 16. fxg3 Qf3 17. Rg1 Ne6 18. Be2 Nxd4 19. Bxf3 Nxb3 20. Bxe4 f5 21. Ra3 Nxd2 22. Bd5 Ne4 23. g4 g6 24. gxf5 Bxf5 25. Rb3 O-O-O 26. Bxe4 Bxe4 27. Rb4 Re8 28. Rg4 Bc6 29. Rgc4 Rxe3+ 30. Kd2 Rhxh3 31. Rf4 Ref3 0-1


[Site "https://www.chess.com"]

[Event "Titled Tuesday Blitz August 15 Early 2023"]
[White "Mekhitarian, Krikor Sevag"]
[Black "Papayan, Oleg"]
[WhiteFideId "2107660"]
[BlackFideId "4193911"]
[WhiteElo "2800"]
[BlackElo "2612"]
[Result "1-0"]
[Round "7"]
[TimeControl "180+1"]
[Date "2023.08.15"]
[WhiteClock "0:00:05"]
[BlackClock "0:00:05"]
[Board "43"]

1. Nf3 Nf6 2. c4 e6 3. Nc3 d5 4. cxd5 exd5 5. d4 c6 6. Bf4 Bd6 7. Bxd6 Qxd6 8. e3 Bf5 9. Nh4 Bg4 10. Qb3 Qc7 11. h3 Be6 12. Bd3 O-O 13. Rc1 Nbd7 14. O-O Qb6 15. Qc2 h6 16. f4 Nb8 17. Qf2 Qd8 18. g4 Ne4 19. Bxe4 dxe4 20. b3 f5 21. gxf5 Bxf5 22. Nxf5 Rxf5 23. Nxe4 Qe7 24. Ng3 Ra5 25. e4 Nd7 26. Rce1 Rf8 27. Kh2 Nf6 28. Re2 g5 29. Nf5 Qh7 30. Nd6 h5 31. f5 g4 32. e5 Nd5 33. Qh4 gxh3 34. f6 Nc3 35. Ref2 Qd3 36. f7+ Kh8 37. Qxh5+ Qh7 38. Qf3 Nd5 39. Rg1 c5 40. Qxd5 b6 41. Qe4 cxd4 42. Qxh7+ Kxh7 43. e6 Re5 44. Rf6 d3 45. Nf5 d2 46. e7 Re1 47. exf8=Q Rxg1 48. Qh6# 1-0


[Site "https://www.chess.com"]

[Event "Titled Tuesday Blitz August 15 Early 2023"]
[White "Vlassov, Nikolai"]
[Black "Flores, Diego"]
[WhiteFideId "4103360"]
[BlackFideId "108049"]
[WhiteElo "2611"]
[BlackElo "2795"]
[Result "1-0"]
[Round "7"]
[TimeControl "180+1"]
[Date "2023.08.15"]
[WhiteClock "0:00:24"]
[BlackClock "0:00:00"]
[Board "44"]

1. e4 c5 2. c3 Nf6 3. e5 Nd5 4. d4 cxd4 5. cxd4 d6 6. Bc4 Nb6 7. Bb3 dxe5 8. Qh5 e6 9. dxe5 Nc6 10. Nc3 g6 11. Qg5 Qxg5 12. Bxg5 Bg7 13. f4 h6 14. Bf6 O-O 15. Nf3 a5 16. O-O-O a4 17. Bc2 a3 18. b3 Bxf6 19. exf6 Nb4 20. Ne5 N6d5 21. Nxd5 Nxd5 22. g4 Nxf6 23. h4 Nd5 24. Rd4 Ra5 25. Nc4 Rc5 26. Nxa3 b5 27. Kb2 Bb7 28. Rh3 Rfc8 29. h5 g5 30. fxg5 hxg5 31. h6 Nf4 32. Re3 Bd5 33. b4 R5c6 34. Be4 Bxe4 35. Rexe4 Rc3 36. Nxb5 Nd3+ 37. Rxd3 Rxd3 38. a4 Kh7 39. a5 Kxh6 40. a6 Ra8 41. a7 Rd5 42. Nc7 Rxa7 43. Nxd5 exd5 44. Re5 Rd7 45. Kc3 d4+ 46. Kd3 Kg6 47. b5 f6 48. Rc5 Kf7 49. b6 Ke6 50. Rb5 Rb7 51. Kxd4 Kd6 52. Ke4 Ke6 53. Rb1 Kd6 54. Kf5 Ke7 55. Kg6 Ke6 56. Re1+ Kd5 57. Kxf6 Rxb6+ 58. Kxg5 Rb8 59. Kf6 Rf8+ 60. Kg7 Rf3 61. g5 Kd6 62. g6 Kd7 63. Kg8 Rh3 64. g7 Rh2 65. Re4 Rh3 66. Kf7 Rf3+ 67. Kg6 Rg3+ 68. Kf6 Rg1 69. Re5 1-0


[Site "https://www.chess.com"]

[Event "Titled Tuesday Blitz August 15 Early 2023"]
[White "Wagner, Dennis"]
[Black "Ibadov, Dashgyn"]
[WhiteFideId "24650684"]
[BlackFideId "24107514"]
[WhiteElo "2771"]
[BlackElo "2609"]
[Result "1-0"]
[Round "7"]
[TimeControl "180+1"]
[Date "2023.08.15"]
[WhiteClock "0:00:03"]
[BlackClock "0:00:00"]
[Board "45"]

1. e4 e6 2. d4 d5 3. Nc3 Nf6 4. e5 Nfd7 5. f4 c5 6. Nf3 Nc6 7. Be3 cxd4 8. Nxd4 Bc5 9. Qd2 a6 10. O-O-O O-O 11. Qf2 Bxd4 12. Bxd4 b5 13. Be3 b4 14. Ne2 a5 15. Ng3 Ba6 16. Nh5 a4 17. f5 exf5 18. Rxd5 Ncxe5 19. Bd4 Qg5+ 20. Nf4 b3 21. Bxa6 bxa2 22. Kd2 Rxa6 23. Bxe5 Qe7 24. Bc3 Nb6 25. Qd4 Qg5 26. Rxf5 Nc4+ 27. Ke2 Qg4+ 28. Kf2 Rd6 29. h3 Qh4+ 30. g3 Rxd4 31. gxh4 Re4 32. Nd3 Rfe8 33. Ra1 Re2+ 34. Kg3 Rxc2 35. Rxa2 a3 36. Rf2 axb2 37. Bxb2 Re3+ 38. Kg2 Rxf2+ 39. Nxf2 1-0


[Site "https://www.chess.com"]

[Event "Titled Tuesday Blitz August 15 Early 2023"]
[White "Schmakel, Sam"]
[Black "Milosevic, Milos"]
[WhiteFideId "2039311"]
[BlackFideId "964875"]
[WhiteElo "2768"]
[BlackElo "2601"]
[Result "1/2-1/2"]
[Round "7"]
[TimeControl "180+1"]
[Date "2023.08.15"]
[WhiteClock "0:00:08"]
[BlackClock "0:00:15"]
[Board "46"]

1. e4 c6 2. d4 d5 3. Nc3 dxe4 4. Nge2 Nf6 5. Ng3 Bg4 6. Qd2 e6 7. Ncxe4 Nxe4 8. Nxe4 Bf5 9. Ng3 Bg6 10. h4 h6 11. h5 Bh7 12. c3 Bd6 13. Qe3 Nd7 14. Ne4 Bxe4 15. Qxe4 Nf6 16. Qf3 Qb6 17. Bc4 O-O 18. O-O Nd5 19. Bd3 c5 20. dxc5 Bxc5 21. a3 Be7 22. c4 Nf6 23. b4 a5 24. c5 Qc7 25. Bf4 Qc6 26. Qe2 axb4 27. axb4 Nd5 28. Bd2 Bg5 29. Rxa8 Rxa8 30. f4 Bf6 31. Qe4 Ra2 32. Be1 Nc3 33. Qxc6 bxc6 34. Bxc3 Bxc3 35. Rb1 Rb2 36. Rxb2 Bxb2 37. b5 cxb5 38. Bxb5 Bd4+ 39. Kf1 Bxc5 40. Ke2 Kf8 41. Kf3 Ke7 42. Bc4 f5 43. g4 Kf6 44. gxf5 exf5 45. Bd3 g5 46. hxg6 Kxg6 47. Kg3 Kf6 48. Kf3 Bd6 49. Bc2 Bxf4 50. Kxf4 h5 51. Bxf5 h4 52. Kg4 h3 53. Kxh3 1/2-1/2


[Site "https://www.chess.com"]

[Event "Titled Tuesday Blitz August 15 Early 2023"]
[White "Rustemov, Alexander"]
[Black "Pax-Pramana"]
[WhiteFideId "4119002"]
[WhiteElo "2767"]
[BlackElo "2600"]
[Result "1-0"]
[Round "7"]
[TimeControl "180+1"]
[Date "2023.08.15"]
[WhiteClock "0:01:31"]
[BlackClock "0:00:32"]
[Board "47"]

1. d4 Nf6 2. c4 e6 3. Nf3 Bb4+ 4. Bd2 Qe7 5. g3 O-O 6. Bg2 c5 7. O-O Bxd2 8. Qxd2 cxd4 9. Nxd4 Nc6 10. Nc3 Qc5 11. Nxc6 bxc6 12. b3 d5 13. Na4 Qe7 14. Rfc1 Rd8 15. Qa5 e5 16. cxd5 cxd5 17. Rc7 Rd7 18. Rac1 Rxc7 19. Rxc7 Qd8 20. Rc5 Qxa5 21. Rxa5 Bf5 22. Bxd5 Rd8 23. Nc3 Rc8 24. Bc4 Rc7 25. Rxe5 Bh3 26. f3 h5 27. Kf2 Rd7 28. Nd5 Be6 29. Nxf6+ gxf6 30. Rxe6 1-0


[Site "https://www.chess.com"]

[Event "Titled Tuesday Blitz August 15 Early 2023"]
[White "Lana Rodriguez, David"]
[Black "Petkov, Momchil"]
[WhiteFideId "2270803"]
[BlackFideId "2921642"]
[WhiteElo "2598"]
[BlackElo "2764"]
[Result "1-0"]
[Round "7"]
[TimeControl "180+1"]
[Date "2023.08.15"]
[WhiteClock "0:00:52"]
[BlackClock "0:00:03"]
[Board "48"]

1. e4 c5 2. Nf3 e6 3. b4 cxb4 4. d4 d5 5. e5 Bd7 6. a3 b3 7. cxb3 Ne7 8. Bd3 a6 9. O-O Bb5 10. Bxb5+ axb5 11. Nc3 b4 12. Nb5 Nec6 13. a4 Nd7 14. Bg5 Qb8 15. Rc1 h6 16. Bh4 g5 17. Bg3 Be7 18. Ne1 h5 19. h3 Nf8 20. f4 gxf4 21. Bxf4 Ng6 22. Qf3 Rh7 23. Nd3 Nh4 24. Qg3 Kd7 25. Bg5 Rg7 26. Qxh4 Bxg5 27. Qxh5 Qg8 28. Nc5+ Ke7 29. Rc2 Rc8 30. Qf3 b6 31. Nb7 Nxe5 32. Qd1 Rxc2 33. Qxc2 Nd7 34. N7d6 Bf6 35. Kh1 Bxd4 36. Nc8+ Kd8 37. Nxd4 Nc5 38. Nxb6 Qf8 39. Nxe6+ Nxe6 40. Qc8+ Ke7 41. Qd7# 1-0


[Site "https://www.chess.com"]

[Event "Titled Tuesday Blitz August 15 Early 2023"]
[White "Srihari L R"]
[Black "Onufrienko, Vladislav"]
[WhiteFideId "46617116"]
[BlackFideId "13804332"]
[WhiteElo "2762"]
[BlackElo "2579"]
[Result "1-0"]
[Round "7"]
[TimeControl "180+1"]
[Date "2023.08.15"]
[WhiteClock "0:00:50"]
[BlackClock "0:00:04"]
[Board "49"]

1. Nf3 Nf6 2. g3 d5 3. Bg2 c6 4. O-O Bg4 5. c4 Nbd7 6. d3 e5 7. cxd5 cxd5 8. Nc3 Be6 9. Ng5 Be7 10. Nxe6 fxe6 11. e4 d4 12. Ne2 O-O 13. h3 Qb6 14. Rb1 Rac8 15. f4 Bd6 16. b4 exf4 17. gxf4 e5 18. f5 a5 19. a3 axb4 20. axb4 Qc6 21. Qb3+ Kh8 22. Rb2 b5 23. Bd2 Nb6 24. Rc1 Qd7 25. Rbc2 h6 26. Kh2 Na4 27. Ng1 Rxc2 28. Rxc2 Rc8 29. Rxc8+ Qxc8 30. Nf3 Qd7 31. Be1 Nh5 32. Nh4 Nf4 33. Bg3 Qe7 34. Bxf4 Qxh4 35. Bg3 Qe7 36. Qd5 Nc3 37. Qa8+ Kh7 38. Bf3 Qg5 39. h4 Qd2+ 40. Kh3 Ne2 41. Bh5 g6 42. Bxg6+ Kg7 43. Qb7+ Kf6 44. Qf7# 1-0


[Site "https://www.chess.com"]

[Event "Titled Tuesday Blitz August 15 Early 2023"]
[White "Hambleton, Aman"]
[Black "Sreyas Payyappat"]
[WhiteFideId "2606577"]
[BlackFideId "46674969"]
[WhiteElo "2759"]
[BlackElo "2567"]
[Result "0-1"]
[Round "7"]
[TimeControl "180+1"]
[Date "2023.08.15"]
[WhiteClock "0:00:01"]
[BlackClock "0:00:47"]
[Board "50"]

1. d4 Nf6 2. Bf4 c5 3. e3 e6 4. c3 Nc6 5. Nd2 d5 6. Ngf3 Nh5 7. Be5 Nxe5 8. Nxe5 Nf6 9. Ndf3 Bd6 10. dxc5 Bxe5 11. Nxe5 O-O 12. Qd4 Qc7 13. Bd3 Bd7 14. O-O Rac8 15. b4 b6 16. cxb6 axb6 17. Rfc1 b5 18. Nxd7 Qxd7 19. a4 bxa4 20. b5 Rfe8 21. Qxa4 e5 22. b6 Qxa4 23. Rxa4 Rb8 24. Rb1 Nd7 25. b7 Nc5 26. Ra8 Nxd3 27. Rxb8 Rxb8 28. Ra1 Nc5 29. Ra8 Nd7 30. f4 f6 31. fxe5 fxe5 32. e4 dxe4 33. c4 Kf7 34. c5 Rxb7 35. c6 Rb1+ 36. Kf2 Rb2+ 37. Ke3 Nf6 38. Ra7+ Ke6 39. c7 Rc2 40. Ra6+ Kf5 41. Ra7 Nd5# 0-1


[Site "https://www.chess.com"]

[Event "Titled Tuesday Blitz August 15 Early 2023"]
[White "Stribuk, Artiom"]
[Black "Akhmetov, Ayan"]
[WhiteFideId "13515659"]
[BlackFideId "13703706"]
[WhiteElo "2749"]
[BlackElo "2558"]
[Result "0-1"]
[Round "7"]
[TimeControl "180+1"]
[Date "2023.08.15"]
[WhiteClock "0:00:03"]
[BlackClock "0:00:03"]
[Board "51"]

1. c4 e6 2. Nc3 d5 3. d4 c5 4. Nf3 cxd4 5. Nxd4 e5 6. Nf3 d4 7. Nd5 Nc6 8. e3 Nf6 9. Nxf6+ Qxf6 10. exd4 e4 11. Ne5 Bb4+ 12. Bd2 Bxd2+ 13. Qxd2 Nxe5 14. dxe5 Qxe5 15. Be2 O-O 16. O-O Be6 17. Rad1 f5 18. Qd6 Qxd6 19. Rxd6 Kf7 20. Rfd1 Ke7 21. f4 Rg8 22. h4 Rgc8 23. b3 Rd8 24. Rxd8 Rxd8 25. Rxd8 Kxd8 26. Kf2 Kc7 27. Ke3 Kd6 28. Kd4 b6 29. b4 Bf7 30. a3 Bg8 31. g3 Bf7 32. Bd1 Bg8 33. Bb3 Ke7 34. Ba4 Be6 35. Bd1 Kd6 36. c5+ bxc5+ 37. bxc5+ Kc6 38. Ba4+ Kc7 39. Bb5 g6 40. Ke5 Bd7 41. Be2 Kc6 42. Kf6 Kxc5 43. Kg7 Kd4 44. Kxh7 Be8 45. Kh6 Ke3 46. Ba6 Kf2 47. h5 gxh5 48. Kg5 e3 49. Kxf5 Kxg3 50. Ke4 Kf2 51. f5 h4 52. Kf4 h3 53. f6 h2 54. Bb5 h1=Q 55. Bxe8 Qf3+ 56. Kg5 e2 0-1


[Site "https://www.chess.com"]

[Event "Titled Tuesday Blitz August 15 Early 2023"]
[White "Degenbaev, Aziz"]
[Black "Badmatsyrenov, Oleg"]
[WhiteFideId "13802640"]
[BlackFideId "24115762"]
[WhiteElo "2546"]
[BlackElo "2747"]
[Result "0-1"]
[Round "7"]
[TimeControl "180+1"]
[Date "2023.08.15"]
[WhiteClock "0:00:03"]
[BlackClock "0:00:06"]
[Board "52"]

1. e4 c5 2. Nf3 e6 3. d4 cxd4 4. Nxd4 a6 5. c4 Nf6 6. Nc3 Qc7 7. a3 Nc6 8. Be3 Bd6 9. Be2 Be5 10. h3 O-O 11. O-O d6 12. Rc1 Bxd4 13. Bxd4 Nxd4 14. Qxd4 e5 15. Qe3 Be6 16. Nd5 Bxd5 17. cxd5 Qd7 18. Bd3 Rfc8 19. Qb6 Kf8 20. b4 Ke7 21. b5 a5 22. a4 h6 23. g3 Qxh3 24. Qxb7+ Kf8 25. Be2 Qd7 26. Qxd7 Nxd7 27. Rxc8+ Rxc8 28. Bg4 Ke7 29. Rb1 Rc4 30. b6 Nb8 31. b7 Rxa4 32. Rc1 Rb4 33. Rc7+ Kf6 34. Bd1 Rb1 35. Kg2 Rxd1 36. Rc8 Rb1 37. Rxb8 a4 38. Rd8 Rxb7 39. Rxd6+ Kg5 40. Ra6 Rb4 41. Kf3 h5 42. Ra7 Kf6 43. Ra6+ Kg5 44. Ra7 Kg6 45. Ra6+ f6 46. Ra7 Kh6 47. Ke3 g5 48. d6 Rd4 49. d7 g4 50. Rxa4 Rxd7 51. f4 gxf3 52. Kxf3 Rd3+ 53. Kg2 Rd4 54. Ra6 Kg5 55. Kf3 Rd3+ 56. Kf2 Rd2+ 57. Kf3 Rd3+ 58. Kf2 Rb3 59. Ra8 Rb4 60. Kf3 Rb3+ 61. Kf2 Kg6 62. Rg8+ Kf7 63. Rh8 Kg6 64. Rg8+ Kh7 65. Rf8 Kg7 66. Ra8 Rc3 67. Rb8 Rc4 68. Kf3 Rc1 69. Ra8 Rf1+ 70. Kg2 Rb1 71. Kf3 Rh1 72. Kg2 Rd1 73. Kf3 Rd3+ 74. Kf2 Rd7 75. Rb8 Kg6 76. Rg8+ Rg7 77. Rh8 Kg5 78. Kf3 Rg6 79. Re8 Rg7 80. Rh8 Kg6 81. Kf2 Rc7 82. Kf3 Rh7 83. Rg8+ Rg7 84. Rh8 Ra7 85. Kf2 Ra2+ 86. Kf3 Ra7 87. Rg8+ Kh7 88. Rf8 Kg7 89. Rb8 Rf7 90. Re8 Rf8 91. Re7+ Kg6 92. Rb7 Rh8 93. Rc7 h4 94. gxh4 Rxh4 95. Rb7 Rf4+ 96. Ke3 Rh4 97. Rb8 Rh3+ 98. Kf2 Kg5 99. Rf8 Rb3 100. Ke2 Rb4 101. Kf3 Rb3+ 102. Kf2 Ra3 103. Rf7 Rc3 104. Rf8 Kg6 105. Rg8+ Kf7 106. Rb8 Ra3 107. Rb7+ Kg6 108. Rb8 Kg5 109. Rf8 Kf4 110. Rxf6+ Kxe4 111. Rf8 Ra2+ 112. Ke1 Ke3 113. Kd1 Ra1+ 114. Kc2 e4 115. Rh8 Ra2+ 116. Kd1 Ra1+ 117. Kc2 Rf1 118. Rh3+ Rf3 119. Rh4 Rf2+ 120. Kc3 Kf3 121. Rh8 Ke2 122. Re8 e3 123. Kc2 Rf4 124. Rh8 Rc4+ 125. Kb3 Rc6 126. Rh2+ Kd1 127. Rh1+ Kd2 128. Rh8 e2 129. Rd8+ Ke1 130. Re8 Rc5 131. Re7 Rd5 132. Kc4 Rd2 133. Kc3 Kd1 134. Ra7 e1=Q 0-1


[Site "https://www.chess.com"]

[Event "Titled Tuesday Blitz August 15 Early 2023"]
[White "Mammadzada, Gunay"]
[Black "Volkov, Maksim"]
[WhiteFideId "13403729"]
[BlackFideId "54123070"]
[WhiteElo "2534"]
[BlackElo "2746"]
[Result "1-0"]
[Round "7"]
[TimeControl "180+1"]
[Date "2023.08.15"]
[WhiteClock "0:00:02"]
[BlackClock "0:00:15"]
[Board "53"]

1. e4 c5 2. Nf3 d6 3. d4 cxd4 4. Nxd4 Nf6 5. Nc3 a6 6. Be3 e5 7. Nb3 Be7 8. Rg1 h5 9. h3 Be6 10. g4 hxg4 11. hxg4 g6 12. g5 Nh5 13. Qf3 Nd7 14. O-O-O Qc7 15. Kb1 b5 16. Nd5 Bxd5 17. exd5 Nb6 18. Na5 Rc8 19. c3 Nxd5 20. Qxd5 Qxa5 21. Bh3 Rb8 22. Qc6+ Kf8 23. Ba7 Re8 24. Bd7 Qd8 25. Bb6 Qa8 26. Bxe8 Qxe8 27. Qb7 Kg7 28. Be3 a5 29. Qb6 a4 30. a3 Qd7 31. Rd5 Nf4 32. Bxf4 Qf5+ 33. Ka1 Qxf4 34. Rxb5 Rh2 35. Rb4 Qd2 36. Qe3 Qc2 37. Rf1 Rg2 38. f4 Re2 39. Qg3 d5 40. Rb7 e4 41. f5 gxf5 42. Qe5+ Kg6 43. Qxe7 Kh5 44. Qxf7+ Kg4 45. Qxf5+ Kg3 46. g6 Rf2 47. Qg5+ Kh3 48. Rxf2 Qd1+ 49. Ka2 Qb3+ 50. Rxb3 1-0


[Site "https://www.chess.com"]

[Event "Titled Tuesday Blitz August 15 Early 2023"]
[White "Kashefi, Amir Hosein"]
[Black "Gritsenko, Nikolai"]
[WhiteFideId "12557935"]
[BlackFideId "14112493"]
[WhiteElo "2511"]
[BlackElo "2746"]
[Result "1-0"]
[Round "7"]
[TimeControl "180+1"]
[Date "2023.08.15"]
[WhiteClock "0:00:07"]
[BlackClock "0:00:00"]
[Board "54"]

1. d4 d5 2. c4 Nc6 3. cxd5 Qxd5 4. Nf3 e5 5. Nc3 Bb4 6. Bd2 Bxc3 7. Bxc3 e4 8. Ne5 Nge7 9. e3 Nxe5 10. dxe5 Bd7 11. Be2 O-O-O 12. Qxd5 Nxd5 13. e6 Bxe6 14. Bxg7 Rhg8 15. Be5 f6 16. Bg3 Nb4 17. Rc1 c6 18. a3 Nd3+ 19. Bxd3 Rxd3 20. O-O Rgd8 21. Bh4 Rf8 22. Rc5 Bd5 23. Rfc1 Kd7 24. h3 Ke6 25. Ra5 Ra8 26. Ra4 a5 27. Rd4 Rxd4 28. exd4 b5 29. Kf1 b4 30. Bg3 Ra6 31. Bc7 bxa3 32. bxa3 a4 33. Rb1 Bc4+ 34. Ke1 Bb5 35. Kd2 Ra7 36. Bb6 Rg7 37. g3 f5 38. Ke3 h5 39. h4 Rg4 40. Bc7 Rg8 41. Rc1 Rg7 42. Be5 Rd7 43. Rc5 Rd5 44. Rc3 c5 45. Bh8 c4 46. Rc1 Rd7 47. Rb1 Rd5 48. Kd2 Kd7 49. Kc3 Kc6 50. Be5 Rd7 51. Rf1 Rb7 52. Rb1 Ba6 53. Rxb7 Kxb7 54. Kb4 Kc6 55. Kxa4 Kd5 56. Kb4 Bc8 57. a4 Bd7 58. a5 Bc6 59. a6 Ba8 60. a7 Bc6 61. Kc3 Ba8 62. Bf4 Bb7 63. Be3 Ba8 64. Kb4 Bb7 65. Kb5 c3 66. Kb4 c2 67. Kc3 Ba8 68. Kxc2 Kc4 69. Kd2 Bb7 70. Ke1 Ba8 71. Kd1 Kd3 72. Kc1 Kc3 73. Kb1 Kb3 74. Ka1 Ka3 75. Bg5 Kb3 76. Be7 Bd5 77. Bc5 Ba8 78. Kb1 Bd5 79. Kc1 Kc3 80. Kd1 Kd3 81. Ke1 e3 82. fxe3 Kxe3 83. Kd1 Kd3 84. Kc1 Kc3 85. Bb6 Ba8 86. Bc5 Bd5 87. Kd1 Kd3 88. Ke1 Ke3 89. Kf1 Kf3 90. Bd6 Ke3 91. Be5 Ba8 92. Kg1 Bd5 93. Kf1 Ba8 94. Ke1 Bd5 95. Kd1 Kd3 96. Kc1 Kc3 97. Bf6 Kd3 98. Kb2 Kc4 99. Ka3 Kb5 100. Be5 Ba8 101. Bd6 Bd5 102. Bc5 Ba8 103. Kb3 Bd5+ 104. Kc3 Be4 105. Kd2 Kc4 106. Ke3 Kd5 107. Kf4 Ke6 108. Kg5 Bf3 109. Bb6 Ba8 110. Kxh5 Kf6 111. Bc7 Bf3+ 112. Kh6 Ba8 113. Be5+ Kf7 114. Kg5 Ke6 115. h5 Be4 116. h6 f4 117. Kxf4 Ba8 118. h7 1-0


[Site "https://www.chess.com"]

[Event "Titled Tuesday Blitz August 15 Early 2023"]
[White "Shcherbin, Matvei"]
[Black "feuervogel1000000"]
[WhiteFideId "24125164"]
[WhiteElo "2741"]
[BlackElo "2508"]
[Result "1-0"]
[Round "7"]
[TimeControl "180+1"]
[Date "2023.08.15"]
[WhiteClock "0:00:28"]
[BlackClock "0:01:08"]
[Board "55"]

1. e4 c5 2. c3 Nf6 3. e5 Nd5 4. d4 cxd4 5. Nf3 d6 6. cxd4 e6 7. a3 b6 8. Bd3 Bb7 9. O-O Nd7 10. Qe2 Be7 11. Qe4 dxe5 12. dxe5 Nc5 13. Bb5+ Kf8 14. Qe2 Nb3 15. Ra2 Rc8 16. Nc3 Rxc3 17. bxc3 Nxc3 18. Qb2 Nxa2 19. Qxb3 Nxc1 20. Rxc1 g5 21. Rd1 Qc8 22. Qe3 Qc5 23. Qxc5 Bxc5 24. Nxg5 Bd5 25. Rd3 h6 26. Nh3 Rg8 27. Nf4 Be4 28. Rd8+ Kg7 29. Nh5+ Kg6 30. Rxg8+ 1-0


[Site "https://www.chess.com"]

[Event "Titled Tuesday Blitz August 15 Early 2023"]
[White "Wong, Yinn Long"]
[Black "Molenda, Marcin"]
[WhiteFideId "5707684"]
[BlackFideId "1173065"]
[WhiteElo "2727"]
[BlackElo "2479"]
[Result "1-0"]
[Round "7"]
[TimeControl "180+1"]
[Date "2023.08.15"]
[WhiteClock "0:00:11"]
[BlackClock "0:00:00"]
[Board "56"]

1. Nf3 d5 2. g3 c5 3. Bg2 Nf6 4. O-O e6 5. d3 Be7 6. Nbd2 O-O 7. e4 Nc6 8. Re1 b5 9. e5 Nd7 10. Nf1 b4 11. h4 a5 12. h5 h6 13. N1h2 Ba6 14. Ng4 Re8 15. Nxh6+ gxh6 16. Bxh6 Kh7 17. Bf4 Rg8 18. Qd2 Nd4 19. Nxd4 cxd4 20. Bf3 Bg5 21. Kg2 Rc8 22. Re2 Kh6 23. Rh1 Rg7 24. Rh4 Bxf4 25. Qxf4+ Qg5 26. Qxd4 Rcg8 27. Rg4 Qc1 28. Rxg7 Rxg7 29. Re3 Rg5 30. Qa7 Bb5 31. Qd4 Qxc2 32. Qf4 Qc8 33. Qxf7 Qg8 34. Qe7 a4 35. Bd1 a3 36. Qxb4 axb2 37. Qxb5 d4 38. Re4 Qb8 39. Qxb8 Nxb8 40. Bc2 Nc6 41. Bb1 Rg7 42. Re2 Rb7 43. g4 Kg5 44. Kg3 Rb5 45. f4+ Kh6 46. Kh4 Ne7 47. Rc2 Nd5 48. Rc6 Nc3 49. Rc7 1-0


[Site "https://www.chess.com"]

[Event "Titled Tuesday Blitz August 15 Early 2023"]
[White "Akobian, Varuzhan"]
[Black "Bobkov, Vadim"]
[WhiteFideId "13300580"]
[BlackFideId "34110876"]
[WhiteElo "2722"]
[BlackElo "2473"]
[Result "1-0"]
[Round "7"]
[TimeControl "180+1"]
[Date "2023.08.15"]
[WhiteClock "0:01:28"]
[BlackClock "0:00:08"]
[Board "57"]

1. d4 d5 2. c4 e6 3. Nc3 c6 4. e3 Nf6 5. Nf3 Nbd7 6. Qc2 Bd6 7. Bd3 O-O 8. O-O Qe7 9. e4 dxc4 10. Bxc4 e5 11. Rd1 exd4 12. Nxd4 Ne5 13. Be2 Bg4 14. f3 Bh5 15. Nf5 Bc5+ 16. Kh1 Qe6 17. Na4 Be7 18. Nc5 Bxc5 19. Qxc5 Nxe4 20. fxe4 Bxe2 21. Rd6 Nd3 22. Qc3 Ne5 23. Rxe6 fxe6 24. Ng3 Rad8 25. Bg5 1-0


[Site "https://www.chess.com"]

[Event "Titled Tuesday Blitz August 15 Early 2023"]
[White "Alex_Sahakyan2006"]
[Black "Kozelov, Roman"]
[BlackFideId "14133377"]
[WhiteElo "2720"]
[BlackElo "2413"]
[Result "1-0"]
[Round "7"]
[TimeControl "180+1"]
[Date "2023.08.15"]
[WhiteClock "0:00:43"]
[BlackClock "0:00:11"]
[Board "58"]

1. e4 e6 2. d4 d5 3. exd5 exd5 4. Nf3 Bd6 5. Bd3 Ne7 6. O-O h6 7. c4 dxc4 8. Bxc4 O-O 9. Nc3 Bg4 10. h3 Bh5 11. g4 Bg6 12. Ne5 Nbc6 13. f4 Bxe5 14. dxe5 Qxd1 15. Rxd1 Rad8 16. Be3 Bc2 17. Rxd8 Rxd8 18. Kf2 a6 19. Rc1 Bd3 20. Bb3 Ng6 21. Nd5 Be4 22. Nxc7 Ngxe5 23. fxe5 Nxe5 24. Rd1 Rc8 25. Nd5 Re8 26. Nc3 Bc6 27. Bf4 Ng6 28. Bg3 Nf8 29. Bd5 Bxd5 30. Rxd5 Ne6 31. Rd7 b5 32. a3 Rc8 33. Rd6 a5 34. Rb6 Nd4 35. Be5 Nc6 36. Rxb5 Rd8 37. Bf4 Rd3 38. Be3 f6 39. Rd5 Ne5 40. Ke2 Rxd5 41. Nxd5 Nc4 42. Bd4 1-0


[Site "https://www.chess.com"]

[Event "Titled Tuesday Blitz August 15 Early 2023"]
[White "Kuznetsov, Felix"]
[Black "Akylbek2021"]
[WhiteFideId "34147990"]
[WhiteElo "2705"]
[BlackElo "2362"]
[Result "1-0"]
[Round "7"]
[TimeControl "180+1"]
[Date "2023.08.15"]
[WhiteClock "0:00:01"]
[BlackClock "0:00:16"]
[Board "59"]

1. e4 c5 2. Nf3 Nc6 3. d4 cxd4 4. Nxd4 g6 5. Nc3 Bg7 6. Be3 Nf6 7. Bc4 O-O 8. Bb3 Re8 9. f3 d5 10. exd5 Nb4 11. Nde2 e6 12. O-O Nfxd5 13. Nxd5 Nxd5 14. Bd4 e5 15. Bf2 Be6 16. Qe1 Qc7 17. Rd1 Rad8 18. a4 Bf8 19. Ng3 f5 20. Qe2 Nf4 21. Bxe6+ Rxe6 22. Qb5 Rxd1 23. Rxd1 Qxc2 24. Rd8 Qc1+ 25. Nf1 a6 26. Rxf8+ Kxf8 27. Bc5+ Kg7 28. Qd7+ Kh6 29. Be3 Qc6 30. Qxc6 Rxc6 31. g3 g5 32. gxf4 gxf4 33. Bd2 Rc2 34. Bc3 e4 35. Nd2 e3 36. Nb3 Rf2 37. Nd4 Kg6 38. a5 Rd2 39. Ne6 Rd1+ 40. Kg2 Rd2+ 41. Kh3 Rf2 42. Nxf4+ Kg5 43. Kg3 Rc2 44. Bg7 h5 45. h4# 1-0


[Site "https://www.chess.com"]

[Event "Titled Tuesday Blitz August 15 Early 2023"]
[White "rionelG"]
[Black "Prohaszka, Peter"]
[BlackFideId "726265"]
[WhiteElo "2345"]
[BlackElo "2695"]
[Result "1-0"]
[Round "7"]
[TimeControl "180+1"]
[Date "2023.08.15"]
[WhiteClock "0:01:12"]
[BlackClock "0:00:00"]
[Board "60"]

1. e4 c5 2. g3 g6 3. Bg2 Bg7 4. Ne2 Nc6 5. c3 d6 6. d4 cxd4 7. cxd4 Qb6 8. Be3 Qxb2 9. Nd2 Nxd4 10. Bxd4 Bxd4 11. Qa4+ Bd7 12. Qxd4 Qxd4 13. Nxd4 Nf6 14. O-O O-O 15. Rfc1 Rfc8 16. N2b3 a5 17. Rxc8+ Bxc8 18. a4 Nd7 19. Bf1 Ne5 20. Bb5 g5 21. f3 Be6 22. Kf2 Bc4 23. Bxc4 Nxc4 24. Rb1 e6 25. Nb5 Ra6 26. Ke2 Nb6 27. Nc3 Kf8 28. Nd4 Ke7 29. Rb5 h6 30. Nb3 Nc4 31. Rxb7+ Kf6 32. Nb5 Rc6 33. Rc7 Rxc7 34. Nxc7 Nb6 35. Nxa5 Nxa4 36. Nb5 Ke7 37. Nc4 d5 38. exd5 exd5 39. Ne3 Nb6 40. Kd3 Ke6 41. Kd4 h5 42. Nc3 Nd7 43. Ncxd5 Ne5 44. Ke4 Ng6 45. f4 gxf4 46. gxf4 Nf8 47. f5+ Kd6 48. Nf6 Ke7 49. Ke5 h4 50. Ned5+ Kd8 51. Kf4 h3 52. Kg3 1-0


[Site "https://www.chess.com"]

[Event "Titled Tuesday Blitz August 15 Early 2023"]
[White "bteillet"]
[Black "Matinian, Nikita"]
[BlackFideId "24129100"]
[WhiteElo "2281"]
[BlackElo "2694"]
[Result "0-1"]
[Round "7"]
[TimeControl "180+1"]
[Date "2023.08.15"]
[WhiteClock "0:00:29"]
[BlackClock "0:00:27"]
[Board "61"]

1. b4 e5 2. Bb2 Bxb4 3. Bxe5 Nf6 4. e3 O-O 5. Nf3 Nc6 6. Bb2 d5 7. Be2 a6 8. O-O Re8 9. d4 Bf5 10. Nbd2 b5 11. a4 Rb8 12. axb5 axb5 13. Ra6 Ne7 14. Ne5 Qc8 15. Ra7 Rb6 16. Nb3 Ne4 17. Bd3 f6 18. Nf3 Bg4 19. Be2 Ng6 20. Nc5 Nxc5 21. dxc5 Bxc5 22. Qxd5+ Kh8 23. Qxc5 b4 24. Rxc7 Qb8 25. h3 Be6 26. Nd4 Bg8 27. Bh5 Re5 28. Nc6 Rxc5 29. Nxb8 Rxc7 30. Rd1 Rxb8 31. Bf3 Rxc2 32. Bd4 b3 33. Be4 Rcc8 34. Rb1 Ne5 35. Rb2 Nc4 36. Rb1 Nd2 37. Bd3 Nxb1 38. Bxb1 Rc1+ 39. Kh2 Rxb1 40. g4 b2 41. g5 Rd1 42. gxf6 Rxd4 43. exd4 b1=Q 0-1


[Site "https://www.chess.com"]